 Dungeon Crawl Stone Soup version 0.22-a0-580-gd5db89c (webtiles) character file.

945 theanonym the Chopper (level 7, 0/56 HPs)
             Began as a Mummy Warper on July 3, 2018.
             Was a Follower of Yredelemnul.
             Slain by a manticore (3 damage)
             ... on level 6 of the Dungeon.
             The game lasted 00:09:51 (6320 turns).

theanonym the Chopper (Mummy Warper)                Turns: 6320, Time: 00:09:52

Health: 0/56       AC: 14    Str: 16    XL:     7   Next: 89%
Magic:  0/11       EV:  7    Int: 13    God:    Yredelemnul [*.....]
Gold:   62         SH:  0    Dex: 11    Spells: 6/11 levels left

rFire    x . .     SeeInvis .   e - +2 hand axe (elec)
rCold    + . .     Gourm    .   (no shield)
rNeg     + + +     Faith    .   p - +3 chain mail
rPois    ∞         Spirit   +   i - +1 helmet
rElec    .         Reflect  .   o - scarf {cloud immunity}
rCorr    .         Harm     .   (no gloves)
MR       .....                  b - +0 pair of boots
Stlth    ..........             j - amulet of guardian spirit
HPRegen  0.18/turn              (no ring)
MPRegen  0.12/turn              (no ring)

@: barbed spikes
A: no food or potions, fire vulnerability, cold resistance 1, negative energy
resistance 3, torment resistance, unbreathing
a: Animate Remains, Renounce Religion


Innate Abilities, Weirdness & Mutations

You do not eat or drink.
Your flesh is vulnerable to fire.
You are immune to poison.
Your flesh is cold resistant. (rC+)
You are immune to negative energy. (rN+++)
You are immune to unholy pain and torment.
You can survive without breathing.


   Skills:
 + Level 5.3 Fighting
 * Level 6.3 Axes
 - Level 0.7 Throwing
 - Level 0.7 Armour
 - Level 1.5 Dodging
 - Level 2.6 Spellcasting
 - Level 2.4 Translocations
 + Level 1.2 Invocations


You had 6 spell levels left.
You knew the following spells:

 Your Spells              Type           Power        Failure   Level  Hunger
e - Lesser Beckoning      Tloc           #.........   99%         3    N/A
l - Blink                 Tloc           N/A          95%         2    N/A

Your spell library contained the following spells:

 Spells                   Type           Power        Failure   Level  Hunger
 Confuse                  Hex            #.......     100%        3    N/A
 Throw Frost              Conj/Ice       #.....       100%        2    N/A
 Teleport Other           Tloc           #.......     99%         3    N/A
 Freeze                   Ice            #...         99%         1    N/A
 Summon Ice Beast         Ice/Summ       #.......     100%        4    N/A
 Ozocubu's Armour         Chrm/Ice       #.......     100%        3    N/A
 Throw Icicle             Conj/Ice       #.......     100%        4    N/A
 Confusing Touch          Hex            #.....       99%         1    N/A
 Metabolic Englaciation   Hex/Ice        #.........   100%        5    N/A
 Petrify                  Tmut/Erth      #.......     100%        4    N/A
 Passage of Golubria      Tloc           N/A          100%        4    N/A
 Shroud of Golubria       Chrm/Tloc      #.........   99%         2    N/A
 Gell's Gravitas          Tloc           #.........   99%         3    N/A
 Yara's Violent Unravell  Hex/Tmut       #.........   100%        5    N/A

Skill      XL: |  1  2  3  4  5  6  7 |
---------------+----------------------+-----
Axes           | 2 3 4 5 6 |  6.3
Fighting       | 3 4 5 |  5.3
Invocations    | 1 |  1.2
Throwing       | |  0.7
Armour         | |  0.7
Dodging        | |  1.5
Spellcasting   | |  2.6
Translocations | |  2.4

Action                   |  1- 3 |  4- 6 |  7- 9 || total
-------------------------+-------+-------+-------++-------
Melee: Hand axe          |   172 |   288 |    44 ||   504
Throw: Tomahawk          |       |     5 |       ||     5
Invok: Animate Remains   |       |       |     1 ||     1
  Use: Scroll            |     7 |     4 |     2 ||    13
Armor: Leather armour    |    21 |       |       ||    21
       Chain mail        |    89 |   206 |    49 ||   344
Dodge: Dodged            |    63 |    82 |    21 ||   166

Inventory:

Hand Weapons
 e - a +2 hand axe of electrocution (weapon)
   (You took it off an orc on level 4 of the Dungeon)
Missiles
 g - 2 tomahawks (quivered)
Armour
 b - a +0 pair of boots (worn)
   (You bought it in a shop on level 5 of the Dungeon)
 i - a +1 helmet (worn)
   (You found it on level 1 of the Dungeon)
 o - a scarf of cloud immunity (worn)
   (You found it on level 2 of the Dungeon)
 p - a +3 chain mail (worn)
   (You took it off an orc on level 4 of the Dungeon)
Jewellery
 j - an amulet of guardian spirit (around neck)
   (You found it on level 2 of the Dungeon)
Scrolls
 a - a scroll of immolation
 c - 5 scrolls of enchant weapon
 f - a scroll of fog
 k - a scroll of enchant armour
 n - 3 scrolls of remove curse
 r - 5 scrolls of identify
 y - a scroll of magic mapping
 B - a scroll of blinking


You were on level 6 of the Dungeon.
You worshipped Yredelemnul.
Yredelemnul was aware of your devotion.
You were not hungry.

You visited 1 branch of the dungeon, and saw 6 of its levels.

You collected 283 gold pieces.
You spent 221 gold pieces at shops.

Dungeon Overview and Level Annotations

Branches:
Dungeon (6/15)             Temple (0/1) D:5

Altars:
Ashenzari
Makhleb
Wu Jian
Yredelemnul

Shops:
D:5 (%*

Annotations:
D:3 3 runed doors, iamserjio's ghost, weakling GrFi

..........
......####....#
...........
..#....?÷)...#
.........#<..# #
.##...##...H##.#
#
.........#.....#
#.
#.###........#..#
.. #.#
####..##.#..#
#.###H#
#....#.....#
#...@.#
#....#....##
####..## #.#.
#..#.# #....#
#....#).#.##
#....#
#..........
##.#.###
#.######.#.
#..#...#
#........#.
#..#.#.#
#.#####..#.
#..#.#.#
#####..#.
#....#.###
#......#.


You could see a manticore.

Notes
Turn   | Place    | Note
-------+----------+-------------------------------------------
     0 | D:1      | theanonym the Mummy Warper began the quest for the Orb.
     0 | D:1      | Reached XP level 1. HP: 16/16 MP: 4/4
   123 | D:1      | Reached skill level 2 in Axes
   134 | D:1      | Reached XP level 2. HP: 19/22 MP: 5/5
   198 | D:1      | HP: 10/23 [kobold/vampiric dagger (5)]
   923 | D:2      | Reached XP level 3. HP: 27/28 MP: 7/7
  1055 | D:2      | HP: 14/28 [adder (2)]
  1060 | D:2      | HP: 11/28 [adder (3)]
  1065 | D:2      | HP: 7/28 [adder (1)]
  1483 | D:2      | Reached skill level 3 in Axes
  1778 | D:2      | Reached XP level 4. HP: 31/34 MP: 8/8
  1944 | D:2      | Reached skill level 3 in Fighting
  2331 | D:3      | Learned a level 2 spell: Blink
  2335 | D:3      | Learned a level 3 spell: Lesser Beckoning
  2495 | D:3      | Found a runed gate.
  2496 | D:3      | Found a runed gate.
  2497 | D:3      | Found a runed gate.
  2508 | D:3      | Reached XP level 5. HP: 38/41 MP: 7/9
  2674 | D:3      | Noticed iamserjio's ghost (weakling GrFi)
  2785 | D:3      | Found a basalt altar of Yredelemnul.
  2797 | D:3      | Became a worshipper of Yredelemnul the Dark
  2800 | D:3      | Found an ornate altar of the Wu Jian Council.
  2804 | D:3      | Found a shattered altar of Ashenzari.
  3135 | D:4      | HP: 17/41 [orc priest/divine providence (7)]
  3149 | D:4      | HP: 12/41 [orc wizard/magic dart (3)]
  3611 | D:4      | Reached skill level 4 in Axes
  3735 | D:4      | HP: 20/42 [orc/hand axe of electrocution (15)]
  3740 | D:4      | HP: 20/42 [orc/hand axe of electrocution (1)]
  3740 | D:4      | HP: 9/42 [orc/hand axe of electrocution (11)]
  4042 | D:4      | HP: 19/42 [something/puff of flame (7)]
  4047 | D:4      | HP: 8/42 [orc wizard/puff of flame (10)]
  4050 | D:4      | Reached XP level 6. HP: 10/48 MP: 2/10
  4426 | D:4      | Reached skill level 4 in Fighting
  4446 | D:4      | HP: 24/48 [orc/hand axe of electrocution (2)]
  4447 | D:4      | HP: 9/48 [orc/hand axe of electrocution (15)]
  4741 | D:4      | HP: 16/48 [orc/hand axe of electrocution (14)]
  4747 | D:4      | HP: 14/48 [orc/hand axe of electrocution (1)]
  5064 | D:5      | Entered Level 5 of the Dungeon
  5123 | D:5      | Found a burning altar of Makhleb.
  5168 | D:5      | Found Kink's Weapon Shop.
  5184 | D:5      | Reached skill level 5 in Axes
  5225 | D:5      | Found a staircase to the Ecumenical Temple.
  5275 | D:5      | Found Ceceimof's Assorted Antiques.
  5276 | D:5      | Found Madousm's Food Shop.
  5284 | D:5      | Bought a pair of boots for 117 gold pieces
  5284 | D:5      | Bought a scroll of identify for 52 gold pieces
  5284 | D:5      | Bought a scroll of identify for 52 gold pieces
  5429 | D:6      | Reached XP level 7. HP: 55/55 MP: 11/11
  5481 | D:6      | HP: 27/55 [bullfrog (1)]
  5486 | D:6      | HP: 23/55 [bullfrog (1)]
  5497 | D:6      | HP: 24/55 [bullfrog (1)]
  5510 | D:5      | Reached * piety under Yredelemnul
  5510 | D:5      | Reached skill level 5 in Fighting
  5686 | D:6      | HP: 27/56 [ogre/giant spiked club (16)]
  5688 | D:6      | Reached skill level 6 in Axes
  5699 | D:6      | Noticed a manticore
  5952 | D:6      | HP: 18/56 [manticore (14)]
  5955 | D:6      | HP: 7/56 [barbs]
  5956 | D:6      | HP: 1/56 [barbs]
  6270 | D:6      | Reached skill level 1 in Invocations
  6317 | D:6      | HP: 26/56 [manticore/volley of spikes (10)]
  6319 | D:6      | HP: 11/56 [manticore (9)]
  6320 | D:6      | HP: 3/56 [manticore (8)]
  6320 | D:6      | Slain by a manticore

Vanquished Creatures
  2 ogres
  2 bullfrogs
  3 wights (D:6)
  A howler monkey (D:5)
  A hound (D:6)
  A jelly (D:6)
  A centaur skeleton (D:4)
  2 orc priests (D:4)
  4 orc wizards
  A worker ant (D:6)
  A hound skeleton (D:4)
  7 adders
  2 oozes
  2 worms
  3 dart slugs
  2 leopard geckos
  17 orcs
  9 giant cockroaches
  5 goblins
  5 hobgoblins
  3 jackals (D:6)
  5 ball pythons
  10 bats
  A frilled lizard (D:4)
  6 kobolds
  A leopard gecko skeleton (D:4)
  6 rats
103 creatures vanquished.

Vanquished Creatures (others)
  An ogre zombie (D:6)
1 creature vanquished.

Grand Total: 104 creatures vanquished

Table legend:
 A = Turns spent in this place as a percentage of turns spent in the entire game.
 B = Non-inter-level travel turns spent in this place as a percentage of non-inter-level travel turns spent in the entire game.
 C = Inter-level travel turns spent in this place as a percentage of turns spent in this place.
 D = Turns resting spent in this place as a percentage of non-inter-level travel turns spent in this place.
 E = Turns spent auto-exploring this place as a percentage of non-inter-level travel turns spent in this place.
 F = Non-inter-level travel turns spent in this place divided by the number of levels of this place that you've seen.
                   A       B       C       D       E      F
               +-------+-------+-------+-------+-------+----------------------
         Total | 100.0 | 100.0 |   5.1 |  40.3 |  42.2 | 999.5
       Dungeon | 100.0 | 100.0 |   5.1 |  40.3 |  42.2 | 999.5
               +-------+-------+-------+-------+-------+----------------------
